 Dungeon Crawl Stone Soup version 0.30-a0-322-g102857c98e (webtiles) character file.

Game seed: 7614118767331083320

1 KarmaKiller the Grave Robber (level 1, 0/13 HPs)
             Began as a Vampire Necromancer on Oct 26, 2022.
             Slain by a jackal (2 damage)
             ... on level 1 of the Dungeon on Oct 27, 2022.
             The game lasted 00:03:08 (181 turns).

KarmaKiller the Grave Robber (Vampire Necromancer)   Turns: 181, Time: 00:03:09

Health: 0/13       AC:  3    Str:  7    XL:     1   Next: 16%
Magic:  1/3        EV: 11    Int: 17    God:
Gold:   0          SH:  0    Dex: 14    Spells: 3/4 levels left

rFire   . . .      SeeInvis +    (no weapon)
rCold   . . .      Faith    .    (no shield)
rNeg    . . .      Spirit   .    d - +0 leather armour
rPois   .          Reflect  .    (no helmet)
rElec   .          Harm     .    (no cloak)
rCorr   .          Rampage  .    (no gloves)
Will    .....                    (no boots)
Stlth   ++........               (no amulet)
HPRegen 0.42/turn                (no ring)
MPRegen 0.08/turn                (no ring)

@: healing quickly
A: alive, fangs 3, see invisible, vampiric 1
a: Exsanguinate


You were on level 1 of the Dungeon.
You visited 1 branch of the dungeon, and saw 1 of its levels.

Inventory:

Missiles
 c - 2 poisoned darts
Armour
 a - a +0 robe
 d - a +0 leather armour (worn)
Potions
 b - a potion of magic


   Skills:
 + Level 2.2 Dodging
 + Level 3.0 Stealth
 + Level 2.0 Spellcasting
 + Level 4.4 Necromancy


You had 3 spell levels left.
You knew the following spells:

 Your Spells              Type           Power      Damage    Failure   Level
a - Necrotise             Necr           64%        1d7       4%          1

Your spell library contained the following spells:

 Spells                   Type           Power      Damage    Failure   Level
 Vampiric Draining        Necr           16%        2d7       14%         3
 Kindle Blastsparks       Fire/Tloc/Air  2%         2d10      65%         3
 Animate Dead             Necr           16%        N/A       43%         4
 Agony                    Necr           16%        N/A       78%         5
 Fulminant Prism          Conj/Hex       0%         3d6       96%         4
 Iskenderun's Mystic Bla  Conj/Tloc      1%         2d3       96%         4
 Lee's Rapid Deconstruct  Erth           0%         3d4*      100%        5


Dungeon Overview and Level Annotations

Branches:
Dungeon (1/15)

Altars:


Innate Abilities, Weirdness & Mutations

Your natural rate of healing is accelerated.
You have razor-sharp teeth.
You have supernaturally acute eyesight. (SInv)
You are afflicted with vampirism.


Message History

Aim: a jackal (chance to affect: 86%)
The jackal writhes in agony.
Aiming: Necrotise (safe; 4% risk of failure)
Press: ? - help, Q - select action, (/) - cycle Shift-Dir - straight line, f/p - jackal
Aim: a jackal (severely wounded, chance to affect: 86%)
The jackal writhes in agony!
You kill the jackal!
The dead are walking!
The jackal bites your jackal skeleton. x2
The jackal barely misses your jackal skeleton.
Aiming: Necrotise (safe; 4% risk of failure)
Press: ? - help, Q - select action, (/) - cycle Shift-Dir - straight line, f - jackal
Aim: a jackal (ally target, chance to affect: 86%)
You miscast Necrotise.
You are very lightly contaminated with residual magic.
Nothing appears to happen.
The jackal bites your jackal skeleton.
Your jackal skeleton is destroyed!
The jackal bites you. The jackal attacks as you move away!
The jackal closely misses you. The jackal attacks as you move away!
The jackal barely misses you. The jackal bites you.
The jackal attacks as you move away! The jackal bites you. x2
Your magical contamination has completely faded away.
Saving game... please wait.
Welcome back, KarmaKiller the Vampire Necromancer.
Press ? for a list of commands and other information.
You completely miss the jackal. You bite the jackal, but do no damage.
The jackal bites you. x2
* * * LOW HITPOINT WARNING * * *
You barely miss the jackal. You bite the jackal.
The jackal is severely wounded.
The jackal closely misses you.
The jackal bites you but does no damage.
The jackal bites you.
* * * LOW HITPOINT WARNING * * *
The jackal closely misses you.
You barely miss the jackal. You bite the jackal, but do no damage.
The jackal is severely wounded.
The jackal barely misses you. The jackal bites you.
You die...

.. #...# #. .##...#...
##. .###..##.
#..#######.###..#.
#..#...'...'....+.
#.##'###...##+###.
######.#....##'## ##
.#......#.รท..#...# #.
......h@#....#...# #.
#.....hh######...######.
....#..#.................
#.. #....................
#..#.##.#.............##
###.....#....#####.#.###
#......##..### ...#.# #
#...###.##.... ##..#.. .
.?. ..###.#.# ...#####


You could see 3 jackals.

Vanquished Creatures
  A jackal (D:1)
1 creature vanquished.

Notes
Turn   | Place    | Note
-------+----------+-------------------------------------------
     0 | D:1      | KarmaKiller the Vampire Necromancer began the quest for the
                  | Orb.
     0 | D:1      | Reached XP level 1. HP: 13/13 MP: 3/3
   179 | D:1      | Upgraded the game from 0.30-a0-313-gae38170b09 to
                  | 0.30-a0-322-g102857c98e
   181 | D:1      | Slain by a jackal

Illustrated notes

Levels and vault maps discovered:
D:1:      arrival_zaba_pyramid, layout_basic, shapermc_ecumenical_altar_petra,
          reono_crystal_passage, nicolae_titane

Action                   || total
-------------------------++-------
Melee: Unarmed           ||     3
       Bite              ||     3
 Cast: Necrotise         ||     3
Armor: Leather armour    ||     1
Dodge: Dodged            ||     5

Table legend: (Time is in decaauts)
 A = Elapsed time spent in this place.
 B = Non-inter-level travel time spent in this place.
 C = Inter-level travel time spent in this place.
 D = Time resting spent in this place.
 E = Time spent auto-exploring this place.
 F = Levels seen in this place.
 G = Mean time per level.
                   A        B        C        D        E       F      G
               +--------+--------+--------+--------+--------+-----+--------+
         Total |    181 |    181 |      0 |      0 |      0 |   1 |  181.0 |
       Dungeon |    181 |    181 |      0 |      0 |      0 |   1 |  181.0 |
               +--------+--------+--------+--------+--------+-----+--------+

Top non-repeatable levels by time:
     D:1: 181 daAuts
